 Dungeon Crawl Stone Soup version 0.30.1-11-g7821555f0a (webtiles) character file.

Game seed: 2185429158643066789

0 comborobin the Sneak (level 1, -3/19 HPs)
             Began as a Hill Orc Delver on Dec 23, 2023.
             Was an Initiate of Beogh.
             Slain by a bullfrog (6 damage)
             ... on level 6 of the Dungeon.
             The game lasted 00:00:30 (33 turns).

comborobin the Sneak (Hill Orc Delver)                Turns: 33, Time: 00:00:30

Health: -3/19      AC:  3    Str: 14    XL:     1   Next: 0%
Magic:  1/1        EV: 11    Int: 10    God:    Beogh [......]
Gold:   0          SH:  0    Dex: 12    Spells: 0/0 levels left

rFire   . . .        a - +0 hand axe
rCold   . . .        (no shield)
rNeg    . . .        b - +0 leather armour
rPois   .            (no helmet)
rElec   .            (no cloak)
rCorr   .            (no gloves)
SInv    .            (no boots)
Will    .....        (no amulet)
Stlth   ++           (no ring)
HPRegen 0.23/turn    (no ring)
MPRegen 0.07/turn

%: no passive effects
@: hasted, very quick
A: no striking features
a: Renounce Religion


You were on level 6 of the Dungeon.
You worshipped Beogh.
Beogh was noncommittal.
You visited 1 branch of the dungeon, and saw 2 of its levels.

Inventory:

Hand Weapons
 a - a +0 hand axe (weapon)
Armour
 b - a +0 leather armour (worn)
Wands
 g - a wand of digging (3)
Scrolls
 c - a scroll of fog
 e - a scroll of fear


   Skills:
 + Level 3.6 Fighting
 + Level 2.6 Axes
 + Level 1.5 Dodging
 + Level 4.1 Stealth


You couldn't memorise any spells.
You didn't know any spells.
Your spell library was empty.

Dungeon Overview and Level Annotations

Branches:
Dungeon (6/15)             Temple (0/1) D:6

Altars:


Message History

An orc priest comes into view. It is wielding a +0 short sword.
Found a fizzy orange potion.
The orc priest shouts, "Surrender to Beogh and we'll let you live!" (press Y on the ability menu to convert to Beogh)
The orc priest shouts!
You hear a croak.
A centaur comes into view.
An orc comes into view. It is wielding a +0 flail.
The orc priest begins to cast a cantrip, but forgets the words!
The orc shouts!
The centaur shouts!
You bow before the missionary of Beogh.
Beogh welcomes you!
With a roar of approval, the orcs welcome you as one of their own, and spare your life.
The centaur wields a +0 shortbow.
The centaur shoots an arrow.
The arrow hits the orc!
The orc dies!
An orc comes into view. It is wielding a +0 club.
The centaur shoots an arrow.
The arrow hits the orc priest.
Unknown command.
A bullfrog comes into view.
Found a buckler.
The orc hits the orc priest with a +0 club.
The centaur shoots an arrow.
The arrow hits you.
The orc closely misses the orc priest.
The orc priest hits the orc with a +0 short sword.
The orc hits the orc priest but does no damage.
The orc priest hits the orc with a +0 short sword.
The orc dies!
The bullfrog hits you but does no damage.
You feel yourself speed up.
The centaur unwields a +0 shortbow.
The centaur hits you. The centaur closely misses you.
The bullfrog barely misses you.
You completely miss the bullfrog. You barely miss the centaur.
The centaur misses you. The centaur closely misses you. The bullfrog hits you.
* * * LOW HITPOINT WARNING * * *
You hit the bullfrog.
The bullfrog is moderately wounded.
You hit the centaur.
The centaur hits you but does no damage.
The centaur barely misses you. The bullfrog hits you.
You die...

,,,**#.###.##
,,,***#..#..##*## ,,,,*
*#...<.##.## ,,,,*
#.........#*
,,,.#*##......##..#**
,,,...#......##**,.,******
............## **,,.#..,*
............# ####)...#**
............####@Fo.)##*
.................c...[#
................#####.#*
...###......##### *,<,**
.##**#....### *,,,,** **
*#...#.,* **,,,*,*
****...##.,* *,,,****
**,,..#*..,** **,,**
,,,,,,**,,,,** **,,**


You could see a bullfrog, a centaur and a neutral orc priest (wandering).

Vanquished Creatures (others)
  2 orcs (D:6)
2 creatures vanquished.

Notes
Turn   | Place    | Note
-------+----------+-------------------------------------------
     0 | D:5      | comborobin the Hill Orc Delver began the quest for the Orb.
     0 | D:5      | Reached XP level 1. HP: 19/19 MP: 1/1
    26 | D:6      | Noticed an orc priest
    26 | D:6      | Noticed a centaur
    27 | D:6      | Became a worshipper of Beogh the Brigand
    28 | D:6      | Noticed a bullfrog
    33 | D:6      | Slain by a bullfrog

Illustrated notes

Levels and vault maps discovered:
D:5:      minmay_razor_zed, layout_loops_ring, elyvilon_altar_1, serial_shops,
          nicolae_shop_waterfront, uniq_blork_the_orc, uniq_grinder
D:6:      lemuel_insect_pit, layout_layer_cave, mainiacjoe_overflow_alcove_3,
          minmay_temple_entry_hall, portal_sewer_entry_b, amethyst_killhole,
          uniq_prince_ribbit1

Action                     || total
---------------------------++-------
  Melee: Hand axe          ||     2
 Invoke: Convert to Beogh  ||     1
    Use: Scroll            ||     2
         Potion            ||     1
 Armour: Leather armour    ||     2
  Dodge: Dodged            ||     5
